 Dungeon Crawl Stone Soup version 0.30.0-29-ga12c61a403 (webtiles) character file.

Game seed: 8997590882680370645

89 seaoflcl the Shield-Bearer (level 4, -1/40 HPs)
             Began as a Minotaur Fighter on June 16, 2023.
             Killed from afar by Natasha (5 damage)
             ... with a magic dart
             ... on level 2 of the Dungeon.
             The game lasted 00:01:45 (1158 turns).

seaoflcl the Shield-Bearer (Minotaur Fighter)       Turns: 1158, Time: 00:01:46

Health: -1/40      AC:  9    Str: 22    XL:     4   Next: 31%
Magic:  3/3        EV:  8    Int:  5    God:
Gold:   82         SH:  8    Dex: 10    Spells: 3/3 levels left

rFire   . . .        a - +0 war axe
rCold   + . .        f - +0 kite shield
rNeg    . . .        b - +0 scale mail
rPois   +            (helmet restricted)
rElec   .            g - +0 cloak
rCorr   .            (no gloves)
SInv    .            m - +0 pair of boots "Tuleoss" {-Cast rPois rC+ Slay+2}
Will    .....        (no amulet) Stlth
                     (no ring)
HPRegen 0.26/turn    (no ring)
MPRegen 0.08/turn

%: no spellcasting
@: no status effects
A: horns 2, retaliatory headbutt
a: no special abilities


You were on level 2 of the Dungeon.
You visited 1 branch of the dungeon, and saw 2 of its levels.

You collected 82 gold pieces.

Inventory:

Hand Weapons
 a - a +0 war axe (weapon)
 p - the +2 falchion of Doom {chaos, rC- Str+5 Dex+2}
   (You found it on level 2 of the Dungeon)

   Str:       It affects your strength (+5).
   Dex:       It affects your dexterity (+2).
   rC:        It makes you vulnerable to cold.
 r - the +4 dagger of the Apocalypse {flame, *Corrode rN+ Will+++ Dex+3}
   (You found it on level 2 of the Dungeon)

   Dex:       It affects your dexterity (+3).
   rN:        It protects you from negative energy.
   *Corrode:  It may corrode you when you take damage.
   Will:      It greatly increases your willpower.
Armour
 b - a +0 scale mail (worn)
 c - a +0 buckler
 f - a +0 kite shield (worn)
 g - a +0 cloak (worn)
 m - the +0 pair of boots "Tuleoss" (worn) {-Cast rPois rC+ Slay+2}
   (You found it on level 2 of the Dungeon)

   Slay:      It affects your accuracy & damage with ranged weapons and melee
   (+2).
   rC:        It protects you from cold.
   rPois:     It protects you from poison.
   -Cast:     It prevents spellcasting.
Jewellery
 q - a ring of poison resistance
Wands
 o - a wand of roots (3)
Scrolls
 h - a scroll of fear {unknown}
 i - a scroll of immolation {unknown}
 k - 2 scrolls of noise {unknown}
 l - a scroll of identify {unknown}
Potions
 d - 2 potions of might
 e - a potion of flight {unknown}
 j - 2 potions of lignification {unknown}
 n - a potion of berserk rage {unknown}


   Skills:
 + Level 4.2 Fighting
 + Level 1.2 Long Blades
 * Level 3.8 Axes
 + Level 4.1 Armour
 + Level 4.2 Shields


You had 3 spell levels left.
You didn't know any spells.
Your spell library contained the following spells:

 Spells                   Type           Power      Damage    Failure   Level
 Apportation              Tloc           0%         N/A       97%         1
 Necrotise                Necr           0%         1d4       97%         1
 Summon Small Mammal      Summ           0%         N/A       97%         1
 Ignite Poison            Fire/Tmut/Pois 0%         N/A       100%        3
 Sticky Flame             Conj/Fire      0%         2d3       100%        4
 Ignition                 Fire           0%         3d3       100%        8


Dungeon Overview and Level Annotations

Branches:
Dungeon (2/15)

Altars:

Annotations:
D:2 Natasha


Innate Abilities, Weirdness & Mutations

You have a pair of horns on your head.
You reflexively headbutt those who attack you in melee.


Message History

Terence is lightly wounded.
You feel very sick. Terence barely misses you.
You hit Terence. Your headbutt misses Terence.
Terence is moderately wounded.
You feel sick. You block Terence's attack. Terence closely misses you.
You furiously retaliate!
You headbutt Terence. You barely miss Terence.
Terence is heavily wounded.
You feel sick. You block Terence's attack.
You slash Terence! Your headbutt misses Terence.
Terence is almost dead.
You feel sick.
Terence hits you with a +0 short sword of venom.
* * * LOW HITPOINT WARNING * * *
You barely miss Terence.
Terence is almost dead.
You feel sick.
You are no longer poisoned.
Terence hits you but does no damage. Terence closely misses you.
You hit Terence but do no damage.
Terence is almost dead.
Terence hits you with a +0 short sword of venom.
* * * LOW HITPOINT WARNING * * *
You barely miss Terence.
Terence is almost dead.
Terence hits you but does no damage. Terence barely misses you.
You barely miss Terence.
Terence is almost dead.
Terence hits you but does no damage.
Natasha, Servant of Life and Death comes into view.
You slash Terence!
You kill Terence!
You have reached level 4!
You feel agile. Natasha casts a spell at you.
The magic dart hits you but does no damage.
Natasha casts a spell at you. The magic dart hits you.
You die...

#......... #.#...#.##.#
####.#......#.#
.########.. .........#.#
..........# ##...##..#.#
....<.....# ###.....#.#
..........# ##...##.#
..........# #..)##.#
.......@..# #...##.#
.........)# #...##.#
#########'########..##.#
#.........#..##.#
#.........#...#.#
#........[#.....#
#.........#.....#
#...h.....#.#.>.#
#.........#.....#


You could see Natasha.

Vanquished Creatures
  Terence (D:2)
  Natasha (D:2)
  An adder (D:2)
  A giant cockroach (D:2)
  3 goblins (D:1)
  6 hobgoblins
  2 jackals (D:2)
  4 quokkas
  A ball python (D:1)
  3 bats
  3 frilled lizards
  2 kobolds
  A rat (D:2)
29 creatures vanquished.

Notes
Turn   | Place    | Note
-------+----------+-------------------------------------------
     0 | D:1      | seaoflcl the Minotaur Fighter began the quest for the Orb.
     0 | D:1      | Reached XP level 1. HP: 19/19 MP: 0/0
   261 | D:1      | Reached XP level 2. HP: 27/27 MP: 1/1
   858 | D:2      | Identified the +0 pair of boots "Tuleoss" {-Cast rPois rC+
                  | Slay+2}
   897 | D:2      | Identified the +2 falchion of Doom {chaos, rC- Str+5 Dex+2}
   936 | D:2      | Identified the +4 dagger of the Apocalypse {flame, *Corrode
                  | rN+ Will+++ Dex+3}
   967 | D:2      | Reached XP level 3. HP: 31/33 MP: 2/2
  1141 | D:2      | Noticed Natasha
  1141 | D:2      | Noticed Terence
  1145 | D:2      | Killed Natasha
  1146 | D:2      | Reached skill level 1 in Long Blades
  1155 | D:2      | Noticed Natasha
  1156 | D:2      | Killed Terence
  1157 | D:2      | Reached XP level 4. HP: 4/40 MP: 3/3
  1158 | D:2      | Killed from afar by Natasha

Illustrated notes

Levels and vault maps discovered:
D:1:      nagdon_arrival_double_spiral, layout_loops_cross
D:2:      layout_basic, uniq_natasha, uniq_terence

Skill      XL: |  1  2  3 |
---------------+----------+-----
Axes           | 3 |  3.8
Shields        | 4 |  4.2
Fighting       | 4 |  4.2
Armour         | 4 |  4.1
Long Blades    | 1 |  1.2

Action                     |  1- 3 |  4- 6 || total
---------------------------+-------+-------++-------
  Melee: War axe           |    79 |       ||    79
         Headbutt          |     8 |       ||     8
 Armour: Scale mail        |    41 |     1 ||    42
  Dodge: Dodged            |    22 |       ||    22
  Block: Kite shield       |    26 |       ||    26
         Buckler           |     2 |       ||     2
